[Event "Italian-ch Teams-B 2022"]
[Site "Montesilvano"]
[Date "2022.04.21"]
[Round "4.4"]
[White "Simoli, Sergio"]
[Black "Pasini, Nicolo"]
[Result "0-1"]
[ECO "A37"]
[WhiteElo "2262"]
[BlackElo "2252"]
[Annotator "TA"]
[PlyCount "106"]
[EventDate "2022.04.19"]
[EventType "team-tourn"]
[EventCountry "ITA"]
[SourceTitle "playchess.com"]
[Source "ChessBase"]
[SourceQuality "1"]
[TimeControl "40/5400+30:1800+30"]

1. Nf3 c5 2. g3 g6 3. Bg2 Bg7 4. O-O Nc6 5. c4 d6 6. Nc3 e5 7. d3 Nge7 8. Bd2 O-O 9. a3 a5 10. Rb1 f5 11. Ne1 {[%emt 0:02:31] A37: Symmetrical English vs ...g6: 4 Bg2 Bg7 5 Nf3.} Be6 12. Nd5 Rb8 13. Nc2 {[%emt 0:12:03] [#] The position is equal.} a4 $146 ({Predecessor:} 13... h6 14. b4 axb4 15. axb4 b6 16. Na3 f4 17. gxf4 Nxb4 18. Nxb4 cxb4 19. Nc2 exf4 20. Nxb4 {½-½ (34) Gerzhoy,L (2386)-Moiseenko,A (2649) Kitchener 2006}) 14. Re1 (14. b4 $11) 14... b5 $15 15. e4 bxc4 16. dxc4 Qd7 17. Nce3 f4 $1 18. Nxe7+ Nxe7 (18... Qxe7 19. Nd5 Qf7 20. Qxa4 fxg3 21. fxg3 (21. f4 $2 exf4 22. Nxf4 Nd4 $19) 21... Qf2+ 22. Kh1 Qxd2 23. Red1 $15) 19. Nd5 {[%emt 0:00:05] [#]} Nxd5 (19... Rb3 $1 $17 {With the idea ...Nc6.} 20. Bc3 (20. gxf4 Nxd5 21. f5 Nf4 $17) 20... Nc6) 20. cxd5 $11 Bh3 21. f3 h5 22. Re2 Rb3 23. Bc3 fxg3 24. hxg3 Bh6 25. Qf1 {[%emt 0:04:43] [#]} (25. Kh2 $15 Bxg2 26. Kxg2) 25... Bg4 $1 $17 {[%emt 0:02:35] 0x0.00138d2c0565dp-1022s more active pieces.} 26. Rbe1 {[%emt 0:00:18] Rf2 is the strong threat.} Qe7 (26... h4 $17 27. gxh4 Qe7) 27. Rf2 $1 $15 Bd7 28. Bh3 $1 Bg5 29. Qg2 Kh7 30. Kh2 (30. f4 $11 {keeps the balance.} Bxh3 31. Qxh3 exf4 32. e5) 30... h4 (30... Bb5 $5 31. Be6 Bd7 $15) 31. Bxd7 (31. gxh4 $1 $15 Bxh4 32. Rg1) 31... hxg3+ $17 (31... Qxd7 32. Rff1 $15) 32. Kxg3 (32. Qxg3 $2 Bf4 33. Qxf4 Rxf4 $19) 32... Bh4+ ({Stronger than} 32... Qxd7 33. Rh1+ Kg7 34. Re2 $11) 33. Kh2 Bxf2 {[%emt 0:00:19] The board is on fire.} 34. Qxf2 Qxd7 35. Kg2 Rbb8 36. Rh1+ Kg7 37. Rh4 (37. Qg3 $17 Qf7 38. Rh4 (38. Qh3 $2 Rh8 $19) (38. Bxe5+ $2 dxe5 39. Qxe5+ Qf6 $19)) 37... g5 38. Qg3 {[%emt 0:00:14] [#]} Rg8 $2 (38... Kg6 $1 $19 {Threatens to win with ...Rf4.} 39. Rg4 Qe7) 39. Rg4 $2 (39. Rh5 $11 {and White is okay.} Kf8 40. Rh6) 39... Kf7 $19 40. Kf2 Qe7 41. Qh3 $2 (41. Qg2) 41... Rh8 42. Qg2 Rh5 {[%emt 0:00:17] aiming for ...Rbh8.} 43. Ke3 Rbh8 {[%emt 0:04:26] Hoping for ...Rh2.} 44. Qf1 c4 45. Rg2 (45. Qxc4 $142 Rh2 46. Kd3) 45... Qa7+ 46. Kd2 Rh2 47. Qe2 Rxg2 48. Qxg2 {[%emt 0:00:14][%mdl 4096] Endgame KQR-KQB} Kg6 49. f4 Rh5 50. fxe5 Qh7 $2 ({Black should try} 50... dxe5 $19 {And now ...Rh4 would win.} 51. Bxe5 Qe7) 51. Ke3 $2 ({Wrong is} 51. exd6 $2 Rh2 52. Qxh2 Qxh2+ $19) (51. Qf3 $11 Qf7 52. Qxf7+ Kxf7 53. exd6) 51... Rh3+ {[%emt 0:02:41] Black mates.} 52. Kf2 Rh2 53. exd6 Qh4+ {[%emt 0:00:08] Weighted Error Value: White=0.76/Black=0.32} 0-1

[Event "Italian-ch Teams-B 2022"]
[Site "Montesilvano"]
[Date "2022.04.21"]
[Round "4.4"]
[White "Stromboli, Carlo"]
[Black "Signorelli, Gaetano"]
[Result "1-0"]
[ECO "D20"]
[WhiteElo "2234"]
[BlackElo "2196"]
[Annotator "TA"]
[PlyCount "29"]
[EventDate "2022.04.19"]
[EventType "team-tourn"]
[EventCountry "ITA"]
[SourceTitle "playchess.com"]
[Source "ChessBase"]
[SourceQuality "1"]
[TimeControl "40/5400+30:1800+30"]

1. e4 e6 2. c4 d5 3. cxd5 exd5 4. exd5 Qxd5 5. Nc3 Qd8 6. d4 Nf6 7. Nf3 Be7 8. Bc4 O-O 9. h3 Bf5 {[%emt 0:08:08] D20: Queen's Gambit Accepted: 3 e3 and 3 e4.} 10. O-O Nbd7 11. Re1 Nb6 12. Bb3 {[%emt 0:06:12] [#]} c5 $146 {[%emt 0:04:17] [#]} ({Black should play} 12... c6 $14) ({Predecessor:} 12... c6 13. Ne5 Nbd5 14. Qf3 Be6 15. Bg5 Nxc3 16. bxc3 Bd5 17. Qf5 Bxb3 18. axb3 {1-0 (40) Pichot,A (2564)-Tsydypov,Z (2514) Chess.com INT 2018}) 13. dxc5 $1 $18 Qxd1 14. Nxd1 Bxc5 (14... Nc8 {is a better defense.} 15. Nc3 Nd7) 15. Re5 $1 {[%emt 0:03:23][%csl LRc5,LRf5] Black did not feel at home in the position after the opening.  Weighted Error Value: White=0.04 (flawless) /Black=0.75} 1-0

[Event "Italian-ch Teams-B 2022"]
[Site "Montesilvano"]
[Date "2022.04.22"]
[Round "5.1"]
[White "Fier, Alexandr"]
[Black "Dardha, Daniel"]
[Result "1/2-1/2"]
[ECO "B33"]
[WhiteElo "2583"]
[BlackElo "2552"]
[Annotator "TA"]
[PlyCount "109"]
[EventDate "2022.04.19"]
[EventType "team-tourn"]
[EventCountry "ITA"]
[SourceTitle "playchess.com"]
[Source "ChessBase"]
[SourceQuality "1"]
[TimeControl "40/5400+30:1800+30"]

1. e4 c5 2. Nf3 Nc6 3. d4 cxd4 4. Nxd4 Nf6 5. Nc3 e5 6. Ndb5 d6 7. Nd5 Nxd5 8. exd5 Nb8 9. a4 Be7 {[%emt 0:01:22] B33: Sicilian: Pelikan and Sveshnikov Variations.} 10. Bd2 Nd7 11. a5 O-O 12. Be2 f5 (12... a6 $5 13. Na3 (13. Nc3 b5 $11) 13... Nf6 $11) 13. c4 {[%emt 0:01:55] [#]} f4 $146 ({Predecessor:} 13... Nf6 14. O-O Ne4 15. Be1 f4 16. f3 Nc5 17. b4 Nd7 18. Nc3 Bh4 19. Bxh4 Qxh4 {1-0 (51) Mischuk,D (2364)-Dzida,K (2239) Tornelo INT 2020}) 14. Nc3 Nf6 15. Bd3 {[%emt 0:00:20] Inhibits Bf5.} Bd7 16. Qe2 Qc8 17. b4 Bf5 (17... f3 {looks sharper.} 18. Qxf3 Ng4 19. Qg3 Nxf2 20. O-O Nxd3 21. Qxd3 Bf5) 18. Ne4 Qd7 19. O-O Nxe4 20. Bxe4 Bxe4 21. Qxe4 f3 22. gxf3 Rf6 23. Kh1 Raf8 24. Rg1 Rxf3 25. Be3 R3f5 (25... Qh3 $142) 26. Qg4 {[%emt 0:02:47][%csl Gg1][%cal Rg4g7] &Bianco is more active.} ({Don't play} 26. Bxa7 $6 Rf4 27. Qe2 (27. Qg2 Bf6 $11) 27... Rc8 $14) 26... Bf6 (26... g6 $16) 27. Bxa7 $18 e4 28. Rae1 Be5 29. Rxe4 h5 {[%emt 0:00:57] [#]} 30. Qg6 (30. Qg2 $1 $18) 30... R8f6 $11 31. Qg2 Qf7 $1 32. Rh4 (32. Rxe5 $5 dxe5 33. Be3 $14) 32... Kf8 $2 {[%emt 0:03:47] [#]} (32... Rf4 $1 $11 {and Black has nothing to worry.} 33. Rxh5 Rxc4) 33. Qh3 $1 $18 Kg8 (33... Rg6 {is a better defense.} 34. Rd1 Rg4 35. Rxg4 hxg4 36. Qxg4 Rf4 37. Qc8+ Qe8 38. Qxe8+ (38. Qxb7 Rxc4 39. Qb8 Rc8 $11) 38... Kxe8) 34. Be3 Rf3 35. Qc8+ Kh7 36. Qg4 g6 37. Qg5 {[%emt 0:03:38] Prevents R6f4.} ({Better is} 37. Qe4 $18 R6f5 38. b5) 37... Bf4 $11 {[%emt 0:01:31] The position is equal.} 38. Rxf4 R6xf4 39. Bxf4 Rxf4 {[%emt 0:00:05][%mdl 4096] Endgame KQR-KQR} 40. Re1 {[%emt 0:00:19] And now Re7 would win.} Rxf2 41. Re7 Rf1+ 42. Kg2 Rf2+ 43. Kg3 Rf3+ 44. Kh4 Rf4+ 45. Qxf4 Qxe7+ {[%emt 0:00:04] KQ-KQ} 46. Kh3 Qe1 47. c5 dxc5 48. d6 {[%emt 0:00:00] Black must now prevent Qf7+.} Qe6+ 49. Kh4 c4 {[%emt 0:00:00] Threatens to win with ...c3.} 50. Qd4 {[%emt 0:00:00] aiming for d7.} c3 {[%emt 0:00:08] ( -> ...c2)} 51. d7 $1 Qe7+ (51... c2 $5 52. d8=Q (52. d8=R $2 g5+ 53. Kg3 Qe1+ 54. Qf2 Qe5+ 55. Kg2 Qe4+ 56. Qf3 Qxf3+ 57. Kxf3 c1=Q $19) 52... Qe1+ 53. Kh3 Qf1+ 54. Kh4 Qe1+ 55. Kh3 Qf1+ 56. Kh4 Qe1+ $11) 52. Kg3 Qd8 53. Qxc3 Qxd7 54. Qc4 g5 55. b5 {[%emt 0:01:48] Black defended with fortune.  Weighted Error Value: White=0.21 (precise) /Black=0.19 (very precise)} 1/2-1/2

[Event "Italian-ch Teams-B 2022"]
[Site "Montesilvano"]
[Date "2022.04.22"]
[Round "5.1"]
[White "David, Alberto"]
[Black "Lanzani, Mario"]
[Result "1-0"]
[ECO "B52"]
[WhiteElo "2550"]
[BlackElo "2266"]
[Annotator "TA"]
[PlyCount "73"]
[EventDate "2022.04.19"]
[EventType "team-tourn"]
[EventCountry "ITA"]
[SourceTitle "playchess.com"]
[Source "ChessBase"]
[SourceQuality "1"]
[TimeControl "40/5400+30:1800+30"]

1. e4 c5 2. Nf3 d6 3. Bb5+ Bd7 4. Bxd7+ Qxd7 5. c4 Nc6 6. Nc3 Nf6 {[%emt 0:02:19] B52: Sicilian: Moscow Variation with 3...Bd7.} 7. h3 e6 8. O-O Be7 {[%emt 0:00:31] The position is equal.} 9. d4 cxd4 10. Nxd4 O-O {[%emt 0:00:35] [#]} 11. b3 $146 ({Predecessor:} 11. Be3 a6 12. Qe2 Rab8 13. Rfd1 Rfc8 14. Rac1 Nxd4 15. Bxd4 Qc6 16. b3 Kf8 17. e5 dxe5 18. Bxe5 {½-½ (30) Kendall,P (2080)-Donovan,N (2109) Sunningdale 2007}) 11... Rfd8 12. Nxc6 Qxc6 13. Qe2 b5 14. Nxb5 Qxe4 15. Qxe4 Nxe4 16. Be3 Rd7 17. f3 Nf6 18. Rac1 a6 19. Nc3 d5 {[%emt 0:02:39][%cal Bd6d5,Bd5d4][%mdl 32] And now ...d4 would win.} 20. Na4 {[%emt 0:08:50] Strongly threatening Nb6.} d4 21. Bf2 {[%emt 0:01:39] aiming for Nb6.} (21. Nb6 dxe3 $1 22. Nxa8 e2 $17) 21... Rdd8 {[%emt 0:15:45] White stays focused until the end.} (21... Re8 $14) 22. Rcd1 $1 $16 e5 23. Rfe1 Bd6 24. f4 e4 (24... exf4 $16 25. c5 (25. Rxd4 Bc7 $16) (25. Bxd4 Bb4 $16) 25... Bc7) 25. Bxd4 $18 {[%emt 0:04:05] White is clearly better.} Bxf4 26. Nb6 Rab8 27. Bxf6 Rxd1 28. Rxd1 Be3+ 29. Kf1 Bxb6 {[%emt 0:00:26][%mdl 4096] Endgame KRB-KRB} 30. Be5 Re8 31. Rd5 f6 {[%emt 0:01:35] [#]} 32. Bg3 Rc8 33. Bf2 {[%emt 0:04:06] Prevents Rc5.} Bd8 34. Ke2 Kf7 35. Bd4 g6 {[%emt 0:02:13] [#]} 36. g4 $1 Ke6 37. Ke3 {[%emt 0:00:10] Weighted Error Value: White=0.02 (flawless) /Black=0.11 (very precise)} 1-0

[Event "Italian-ch Teams-B 2022"]
[Site "Montesilvano"]
[Date "2022.04.22"]
[Round "5.1"]
[White "Caprio, Guido"]
[Black "Dervishi, Erald"]
[Result "0-1"]
[ECO "D58"]
[WhiteElo "2426"]
[BlackElo "2511"]
[Annotator "TA"]
[PlyCount "147"]
[EventDate "2022.04.19"]
[EventType "team-tourn"]
[EventCountry "ITA"]
[SourceTitle "playchess.com"]
[Source "ChessBase"]
[SourceQuality "1"]
[TimeControl "40/5400+30:1800+30"]

1. d4 Nf6 2. c4 e6 3. Nc3 d5 4. cxd5 exd5 5. Bg5 Be7 6. e3 O-O 7. Bd3 h6 8. Bh4 b6 9. Nf3 Bb7 10. O-O Nbd7 11. Qb3 {[%emt 0:04:51] D58: Queen's Gambit Declined: Tartakower Defence.} c5 {[%emt 0:11:17] And now ...c4 would win.} 12. dxc5 Nxc5 13. Qd1 Nfe4 14. Bxe7 Qxe7 15. Ne2 Rac8 16. Ned4 {[%emt 0:29:07] [#]} Nxd3 $146 ({Predecessor:} 16... Rfd8 17. Nf5 Qf6 18. N3d4 Nxd3 19. Qxd3 Nc5 20. Qd2 Ne4 21. Qe2 Rc5 22. Rfd1 Rdc8 {1-0 (55) Aggeletos,M (1769)-Aggelakis,I (1683) Hersonissos 2018}) 17. Qxd3 Qb4 18. Qb3 Qa5 19. Rfc1 Rc5 20. Rxc5 Qxc5 21. Ne5 Rc8 22. Nd3 {[%emt 0:02:33] Inhibits Qc1+.} Qc4 23. Qd1 Nc5 24. Ne5 Qb4 25. b3 Ne4 26. Rc1 Nc3 27. Qe1 Nxa2 28. Rxc8+ Bxc8 29. Qa1 Qd2 30. Nec6 Kh8 (30... Bb7 $1 $15 31. Nxa7 Nc3) 31. Nxa7 $11 {[%emt 0:00:53] Pair of Knights!} Nc1 $40 {[%emt 0:00:10][%cal Rd2e1][%mdl 128] Black has some attack.} 32. h3 Qe1+ 33. Kh2 Bxh3 34. Nf3 (34. Kxh3 $2 Qh1+ 35. Kg3 Ne2+ $1 36. Nxe2 Qxa1 $19) 34... Qxf2 35. Kxh3 Ne2 36. Qe5 {[%emt 0:01:45] Prevents Qg3+.} (36. Qe1 $14 Qxe3 37. Nc6) 36... f6 37. Qe8+ Kh7 38. Kh2 Ng3 {[%emt 0:00:42] Really sharp!} 39. Kh3 $2 {[%emt 0:01:09][%mdl 8192] [#]} (39. Qb5 $11 {and White is okay.}) 39... Nf1 $1 $19 40. Qb8 {[%emt 0:00:03] [#] Prevents Qg3+.} Nxe3 $2 (40... g5 $1 $19 41. Nc6 (41. Qc7+ $2 Kg6 $19) 41... g4+ 42. Kxg4 Qxg2+ 43. Kf5 Qxf3+ 44. Ke6 Qg4+ 45. Kd6 Nxe3 46. Qc7+ Kg6 47. Qxb6 Qe4) 41. Qg3 $11 {[%emt 0:30:22] The position is equal.} Qc2 {[%emt 0:31:10] Strongly threatening ...Qf5+.} 42. Ng5+ $1 hxg5 43. Qxe3 g4+ {[%emt 0:00:00][%mdl 64] Decoy} 44. Kxg4 Qxg2+ 45. Kf5 Qg6+ 46. Kf4 Qh6+ 47. Kf3 Qh5+ 48. Kg3 Qg6+ 49. Kf4 Qh6+ 50. Kf3 Qh3+ 51. Kf2 Qh2+ 52. Kf1 Qh1+ 53. Kf2 Qh4+ 54. Kg2 Qg4+ 55. Kh2 d4 56. Qh3+ Qxh3+ 57. Kxh3 {[%emt 0:00:04][%mdl 4096] Endgame KN-KP} d3 {[%emt 0:00:07] ( -> ...d2)} 58. Nb5 f5 (58... d2 $5 59. Nc3 g5 $11) 59. Kg3 g5 (59... d2 $5 60. Nc3 Kg6 $11) 60. Kf3 f4 61. Ke4 d2 62. Nc3 Kg6 63. Kd3 Kf5 64. Kxd2 {[%emt 0:00:05] KN-K3P} g4 65. Nd5 Ke4 66. Nxb6 {[%emt 0:00:55] KN-KPP} g3 {[%emt 0:00:22] aiming for ...g2.} 67. Ke2 f3+ 68. Kf1 Kd4 69. Nc4 Kc3 70. Ne5 f2 71. Nf3 Kxb3 72. Nh4 Kc3 73. Nf5 g2+ 74. Kxf2 {[%emt 0:00:03][%mdl 32768] What a bad dream for Black.  Weighted Error Value: White=0.23 (precise) /Black=0.23 (precise) . Sensor Board Error (Ke4/e5)?} 0-1

[Event "Italian-ch Teams-B 2022"]
[Site "Montesilvano"]
[Date "2022.04.22"]
[Round "5.2"]
[White "Shytaj, Luca"]
[Black "Borgo, Giulio"]
[Result "1/2-1/2"]
[ECO "C00"]
[WhiteElo "2460"]
[BlackElo "2345"]
[Annotator "TA"]
[PlyCount "133"]
[EventDate "2022.04.19"]
[EventType "team-tourn"]
[EventCountry "ITA"]
[SourceTitle "playchess.com"]
[Source "ChessBase"]
[SourceQuality "1"]
[TimeControl "40/5400+30:1800+30"]

1. e4 e6 2. d3 d5 3. Qe2 Nf6 4. Nf3 c5 5. g3 g6 (5... Be7 $11) 6. Bg2 $14 {[%emt 0:03:14] C00: French: Unusual White 2nd moves.} Bg7 7. O-O (7. exd5 $1 $14 Nxd5 8. O-O) 7... O-O $11 8. e5 Nfd7 9. c3 b5 {[%emt 0:04:34] [#]} 10. h4 $146 ({Predecessor:} 10. Bf4 a5 11. Re1 Nc6 12. h4 Ba6 13. Nbd2 Rb8 14. Nf1 b4 15. N1h2 Nb6 16. Bg5 {½-½ (28) Bonassi,T (2101)-Di Benedetto,E (2405) Cesenatico 2019}) 10... Nc6 11. Bf4 a5 12. Nbd2 a4 13. a3 Ba6 14. Rfe1 Rb8 15. Rac1 Qb6 16. h5 Rfe8 17. Qe3 Ne7 18. g4 b4 (18... d4 $5 19. cxd4 Nd5 $11) 19. c4 bxa3 20. bxa3 Qb2 21. Ra1 (21. Bh6 $14) 21... Qc3 22. Rec1 Qa5 (22... Qb2 $11 {is more appropriate.}) 23. Ng5 (23. h6 $14 Bf8 24. Rc2) 23... h6 (23... gxh5 $5 24. cxd5 Nxd5 25. Bxd5 exd5 $11) 24. Ngf3 (24. Nxf7 $11 {remains equal.} d4 25. Qh3 Kxf7 26. g5 Bxe5 27. Re1) 24... g5 25. Bg3 Rb2 26. Nf1 (26. Qe2 $17) 26... d4 $1 $19 27. Qe1 Qxe1 28. Rxe1 Reb8 29. N1d2 Bb7 30. Reb1 Bxf3 31. Rxb2 Rxb2 32. Nxf3 Rb3 33. Bf1 Nc6 34. Be2 Ndxe5 ({Don't blunder} 34... Ncxe5 $2 35. Ne1) ({Stronger than} 34... Bxe5 35. Bd1 Rb6 36. Kg2 $17) 35. Ne1 Rb2 (35... Rc3 $19 {and Black stays clearly on top.} 36. Kf1 Bf6) 36. Bd1 $17 f5 37. gxf5 exf5 38. Bxe5 (38. f4 $17) 38... Nxe5 $19 39. Bxa4 Bf6 40. Bc2 Kf7 41. a4 Bd8 (41... g4 $17 42. a5 Rb7) 42. a5 $15 {[%emt 0:00:00] Prevents Rb6.} Rb7 43. a6 (43. f4 $1 $15 Nc6 44. Ba4 Nxa5 45. Nf3) 43... Ra7 $17 44. Bd1 g4 {[%emt 0:00:53] Inhibits Bf3.} 45. f3 Kf6 ({Black should try} 45... Bh4 $1 46. Kf1 Bxe1 47. Kxe1 Nxd3+ 48. Ke2 Ne5 49. fxg4 fxg4) 46. fxg4 (46. Ng2 $17 {keeps fighting.}) 46... fxg4 $19 47. Be2 Kg5 48. Ng2 $2 (48. Bf1) 48... Bc7 49. Kf2 Nc6 50. Rg1 Bh2 51. Rh1 Rf7+ 52. Ke1 Bg3+ 53. Kd2 Nb4 54. Rb1 (54. Ra1 $142 Ra7 55. Ra5 Nxa6 56. Ne1) 54... Ra7 55. Rf1 Rxa6 56. Rf8 Ra2+ 57. Kd1 Ra1+ 58. Kd2 {[%emt 0:00:05] [#]} Ra2+ $2 (58... Rg1 $1 59. Rg8+ Kf6) 59. Kd1 Nxd3 60. Rg8+ $15 Kf6 {[%emt 0:00:04] Strongly threatening ...Nf2+.} 61. Bxd3 {[%emt 0:00:00] Be4 is the strong threat.} Rxg2 62. Rxg4 {[%emt 0:00:00] KRB-KRB} Rg1+ 63. Ke2 Re1+ 64. Kd2 Rg1 {[%emt 0:01:20] Hoping for ...Be1+.} 65. Ke2 Re1+ 66. Kd2 Rg1 {[%emt 0:00:20] Threatens to win with ...Be1+.} 67. Ke2 {[%emt 0:00:14] And White is the lucky defender.  Weighted Error Value: White=0.30/Black=0.31} 1/2-1/2

[Event "Italian-ch Teams-B 2022"]
[Site "Montesilvano"]
[Date "2022.04.22"]
[Round "5.2"]
[White "Godena, Michele"]
[Black "Genocchio, Daniele"]
[Result "0-1"]
[ECO "B07"]
[WhiteElo "2442"]
[BlackElo "2358"]
[Annotator "TA"]
[PlyCount "119"]
[EventDate "2022.04.19"]
[EventType "team-tourn"]
[EventCountry "ITA"]
[SourceTitle "playchess.com"]
[Source "ChessBase"]
[SourceQuality "1"]
[TimeControl "40/5400+30:1800+30"]

1. e4 g6 2. d4 Bg7 3. c3 d6 4. Nf3 Nf6 5. Bd3 O-O 6. O-O Nc6 7. h3 e5 8. Re1 Re8 9. Na3 ({White should try} 9. d5 $16 Ne7 10. Be3) 9... h6 {[%emt 0:08:00] B07: Pirc Defence: Miscellaneous Systems.} 10. Nc2 {[%emt 0:05:25] 10.Nc2 has become a bit dusty these days.} Nh5 11. a3 {[%emt 0:34:37] [#]} a6 $146 {[%emt 0:08:23] White is slightly better.} ({Predecessor:} 11... a5 12. Bc4 Qf6 13. Ne3 Nf4 14. Nd5 Nxd5 15. exd5 Nb8 16. dxe5 dxe5 17. a4 Nd7 {0-1 (39) Barrenechea Bahamonde,G (2142)-Portela Peleteiro,A (2273) Linares 2015}) 12. Bd2 Bd7 13. Rc1 Nf4 14. Bxf4 exf4 15. Nb4 Ne7 16. Bc4 b5 17. Ba2 g5 18. e5 a5 19. exd6 cxd6 20. Nd5 Nf5 {[%emt 0:06:58] Prevents h4.} (20... Rb8 $11) 21. Rxe8+ $16 Bxe8 22. Qd3 Bd7 23. Re1 Kf8 (23... Rb8 $1 $14 {should be considered.}) 24. c4 (24. Nh2 $16) 24... bxc4 $11 25. Bxc4 Rc8 (25... a4 $11) 26. b3 (26. b4 $1 $16) 26... Rb8 27. a4 Be6 {[%emt 0:00:39] [#]} (27... Qc8 $14) 28. Nc3 {[%emt 0:00:53] Pair of Knights!} (28. Rxe6 $1 $18 fxe6 29. Qe4) 28... Bd7 29. Qe4 (29. Bb5 $1 $14) 29... Qf6 (29... Qc8 $11) 30. Nd5 (30. Qd5 $16) 30... Qd8 $1 $14 (30... Qe6 $2 31. Qd3 Qg6 32. Qd2 $18) 31. Nc3 (31. Kh2 $11) 31... Qf6 $16 32. Nd5 (32. Qd5 $1 $16) 32... Qd8 $1 $14 (32... Qe6 $2 33. Qd3 Qg6 34. Qd2 $18) 33. h4 (33. Kh2 $14) 33... g4 $11 34. Nh2 Bxd4 ({Don't take} 34... Qxh4 35. Nb6 $1 Qd8 36. Qd5 $1 $16 (36. Nxd7+ Qxd7 37. Qxf4 h5 $16)) (34... g3 $5 35. Nf3 gxf2+ 36. Kxf2 Bxd4+ 37. Nxd4 Qxh4+ 38. Kg1 (38. Kf3 $2 Qg3+ 39. Ke2 Re8 $19) 38... Re8 39. Nxf5 Qxe1+ 40. Qxe1 Rxe1+ 41. Kf2 Rd1 42. Nxh6 (42. Nxd6 $2 Bc6 $19) 42... Be6 43. Nxf4 Bxc4 44. bxc4 Rc1 $15) 35. Nxg4 h5 (35... Qxh4 $11 {remains equal.} 36. Qxf4 h5) 36. Nh2 $2 {[%emt 0:00:39][%mdl 8192] [#]} (36. Rd1 $16 {is necessary to keep the advantage.}) 36... Bxf2+ $1 $19 37. Kxf2 Qxh4+ 38. Kg1 {[%emt 0:00:35] Threatens to win with Nf3.} Re8 {[%emt 0:00:16] The board is on fire.} 39. Qxe8+ (39. Ne7 Qxe7 40. Qxe7+ Rxe7 41. Nf3) 39... Bxe8 40. Nf3 Qg3 41. Re4 Bc6 {[%emt 0:21:11] ...Bxd5 is the strong threat.} 42. Rxf4 {[%emt 0:09:43] [#]} Ne3 $1 43. Rxf7+ Kxf7 44. Nxe3+ Ke8 45. Nf5 Qf4 46. N3d4 Bd7 47. Bb5 Kd8 48. Bxd7 Kxd7 49. g3 Qd2 50. Kf1 d5 51. Kg1 Ke8 52. Kf1 Kf7 {[%emt 0:00:26] ( -> ...Kf6)} 53. Kg1 Ke8 (53... Qe1+ $142 54. Kg2 Kf6 55. Kh2 Qf2+ 56. Kh3 Qf1+ 57. Kh2 Ke5 58. g4 hxg4 59. Kg3 Qh3+ 60. Kf2 g3+ 61. Nxg3 Kxd4 62. Nf1 Qxb3 63. Nh2 Qxa4 64. Nf3+ Kc5 65. Kg3 Qc2 66. Ng5 Qc3+ 67. Kh4 a4 68. Ne6+ Kd6 69. Ng5 a3 70. Kh5 a2 71. Nf7+ Kd7 72. Nh6 a1=Q 73. Ng4 Qg1 74. Nf6+ Kd8 75. Kh6 Qxf6+ 76. Kh7 Qh4#) 54. Kf1 $1 Kf7 (54... Qd3+ $19 55. Kf2 Kf7) 55. Kg1 Kf6 56. Kf1 Qh2 (56... Qa2 $142 57. Kg1 Qb2 58. Kf1 Ke5 59. Kg1 Ke4 60. Kf1 Qd2 61. Kg1 {[#]} Qxd4+ $1 62. Nxd4 Kxd4 63. Kg2 Kc3 64. Kh3 d4 65. g4 hxg4+ 66. Kxg4 d3 67. Kg5 Kxb3 68. Kh4 Kc4 69. Kh5 d2 70. Kg5 d1=Q 71. Kg6 Qg4+ 72. Kf7 Kd5 73. Kf6 Kd6 74. Kf7 Qg5 75. Kf8 Ke6 76. Ke8 Qg8#) 57. Ke1 Qg2 {[%emt 0:00:29] Black mates.} 58. Kd1 Qf2 59. Kc1 Ke5 60. Kb1 {[%emt 0:00:12] Weighted Error Value: White=0.73/Black=0.29 (precise)} 0-1